India Nibba, lawful male dwarven Archeologist ---- ---- ---..| --- -------..| --- |....-- ---- ---.--- $ $ $ --- |..--....| ---.| |.....-- |..--|.....| |.---.......-------...| -- ----...--- |.).||.....| --.....................| --.---- |.....| $ ---.--.....-- |...|..@o..|...------..| |...|.---.....| |.........-- ---%--|..---.|--.--- ---- --.....|......-- |--........---- |...| ---- |.| |...| --- |..............- --.............| ---.----- -.- ---.--- --.-- |..|^..|.---....| --.-............---------...--..| . |...|--...| ---|..---- |....- |..[........|..%................-- .- |...--....| |.-- |.....| |.......---.--------------.......| -- --........-- |.| --.|..|---.|.....| |...| |......-- --........| |.| ------|...|.....-----.--- ---....| --.......| --.--------------.--.......| |...| |....| ---- --......| |.........................-- ---..--- ---....| --..|---......| |..-------------.......---- |...^..---- |<....-- $ |...--........---- ---- -........| ------....| |....-- --...............| |........-- ---..| |....| ---.............| ---.|.---- $ ---- $ |..--- $ ---.|.--..|..-- ----- ---- ------------ India Nibba the Field Worker Experience level: 4 Strength: 16 Dexterity: 9 Constitution: 15 Intelligence: 14 Wisdom: 14 Charisma: 8 Health: 0(37) Energy: 7(7) Def: 0 Gold: 96 Moves: 2322 Dungeon seed: 3cvfTZbjjmhy4lKM Game ID: India Nibba_1554314829 Your Inventory: Coins $ - 96 gold pieces Weapons a - a +2 bullwhip t - a +5 bullwhip u - 8 +0 shuriken Armor n - an uncursed +0 fedora (being worn) Comestibles b - an uncursed food ration h - an uncursed tin of newt meat m - an uncursed cream pie B - an uncursed partly eaten food ration Tools c - a +0 pick-axe d - a tinning kit (0:35) f - an uncursed sack s - a blessed oil lamp (0:1136) (weapon in hand) v - an uncursed skeleton key x - an uncursed mirror Gems q - an uncursed touchstone r - an uncursed worthless piece of white glass y - 2 uncursed worthless pieces of orange glass z - an uncursed chrysoberyl stone N - 2 uncursed rocks Y - 2 uncursed jade stones Spells and supernatural/magical abilities: Name Level Category Fail Memory W - pray for help -- divine ? -- Your skills at the end: Fighting Skills Weapon Skills pick-axe [Basic] whip [Basic] Spellcasting Skills Final Attributes: You were piously aligned. You had infravision. You were stealthy. You were fast. You are dead. Vanquished creatures: a shrieker a gnomish wizard an iguana 2 acid blobs a hobbit a hobgoblin 3 giant rats 2 gnomes a gecko 5 jackals a fox 2 kobolds 3 goblins 2 sewer rats a grid bug 4 lichens a kobold zombie 3 newts 35 creatures vanquished. Voluntary challenges: You followed a strict vegan diet. You were an atheist. You used a wielded weapon 20 times, starting on turn 65. You read items or engraved 3 times, starting on turn 2243. You never genocided any monsters. You never polymorphed an object. You never changed form. You used 1 wish, starting on turn 1673. You did not wish for any artifacts. You never split a pudding. You never wrote Elbereth's name. You violated your moral code, losing 3 points of alignment, starting on turn 1826. Dungeon overview: The Dungeons of Doom: levels 1 to 2 Level 1 an altar to Camaxtli a long staircase Level 2 a hardware shop, some fountains stairs to The Gnomish Mines The Gnomish Mines: Level 3 <- You were here stairs to The Dungeons of Doom History has recorded: On T:1 you entered the Dungeons of Doom to retrieve the Amulet of Yendor! On T:316 you reached level 2 of The Dungeons of Doom. On T:1382 you advanced to experience level 2. On T:1589 you advanced to experience level 3. On T:1673 you wished for "a +5 whip". On T:1796 you reached level 1 of The Gnomish Mines. On T:1882 you advanced to experience level 4. Score breakdown: Gold: 96 ( 6758 points) Experience: 4 levels ( 9649 points) Exploration: 3 levels ( 6.25%) ( 6188 points) Discoveries: 6 items ( 2.05%) ( 4300 points) Valuables value: (no points given unless you survive) Artifact value: 0 ( 0 points) Variety of kills: 18 monsters ( 4.72%) ( 6520 points) Turncount: 2322 turns ( -221 points) Survival: died (score multiplied by 80%) Total score: 26555 Latest messages: A gush of water hits your right arm! (2x) There are a few objects here. You miss the iguana. The iguana bites! You hit the iguana. (2x) You miss the iguana. The iguana bites! You hit the iguana. You miss the iguana. You hit the iguana. The iguana bites! You hit the iguana. You kill the iguana! You see here an iguana corpse. (2x) You stop eating. You hit the newt. The newt bites! You kill the newt! The goblin hits! You die... The sack is empty. Final status: Goodbye India Nibba the Archeologist, killed by a goblin... You died in The Gnomish Mines on dungeon level 3 with 26555 points, and 96 pieces of gold, after 2322 moves. You were level 4 with a maximum of 37 hit points when you died.